Map: Posterunek Newkirk ET (Void)

Players

avilo

  • Race: Terran Terran
  • League: Master
  • Spawn Location: 7:00

OuO - Winner!

  • Race: Protoss Protoss
  • League: Master
  • Spawn Location: 5:00

VOD

https://www.twitch.tv/videos/118537451?t=113m

Description

Avilo rages after i use my op carrier build

Time

  • Played on: Jan. 30, 2017, 4:43 p.m.
  • Length: 12:26
Show
View Real Time Build Order
Export as new Build Order

avilo Terran 

Build Orders: Reaper Expand, MMM Bio 

Get SALT Encoding   

  12  0:02  SCV  
  13  0:14  SCV  
  14  0:22  Supply Depot  
  14  0:26  SCV  
  15  0:37  Refinery  
  15  0:44  SCV  
  15  0:47  Barracks  
  16  0:56  SCV  
  17  1:08  SCV  
  18  1:20  SCV  
  19  1:34  Orbital Command  
  19  1:35  Reaper  
  20  1:53  Command Center  
  20  2:00  SCV  
  21  2:08  Barracks  
  21  2:09  Barracks Reactor  
  21  2:12  SCV  
  22  2:20  Refinery  
  22  2:26  Supply Depot  
  22  2:27  SCV  
  23  2:41  Factory  
  23  2:47  SCV  
  23  2:49  Marine x2  
  26  3:00  Barracks Tech Lab, SCV  
  26  3:04  Orbital Command  
  27  3:08  Marine  
  27  3:11  Marine  
  29  3:13  SCV  
  30  3:20  Stimpack  
  30  3:25  Marine, SCV  
  32  3:30  Marine x2  
  32  3:33  SCV  
  35  3:37  SCV  
  35  3:42  Starport  
  35  3:44  Factory Reactor  
  36  3:48  SCV  
  36  3:50  SCV  
  36  3:54  Engineering Bay  
  37  4:00  SCV  
  37  4:01  Marine  
  37  4:02  Marine, SCV  
  39  4:13  SCV  
  39  4:14  SCV  
  41  4:20  Missile Turret  
  41  4:21  Missile Turret, Bunker  
  41  4:27  Marine x3  
  41  4:30  SCV x2  
  46  4:41  Supply Depot  
  46  4:46  Medivac x2, SCV x2  
  46  4:49  Marine  
  46  4:50  Factory Reactor  
  53  4:53  Supply Depot  
  53  4:56  Marine  
  54  5:02  Marine  
  54  5:03  SCV x2  
  54  5:05  Supply Depot  
  57  5:08  Supply Depot  
  57  5:15  SCV  
  57  5:16  SCV  
  57  5:20  Marine x2  
  61  5:21  Marine  
  61  5:22  Combat Shields  
  61  5:25  Terran Infantry Weapons Level 1  
  61  5:27  SCV  
  61  5:28  SCV  
  64  5:31  Engineering Bay  
  64  5:33  Medivac  
  64  5:35  Medivac  
  68  5:39  SCV  
  68  5:40  SCV  
  70  5:43  Supply Depot  
  70  5:49  Barracks  
  70  5:51  Barracks  
  70  5:56  Barracks  
  70  5:59  SCV x2  
  70  6:02  Terran Infantry Armor Level 1  
  72  6:05  Refinery  
  72  6:07  Refinery  
  73  6:11  SCV x2  
  73  6:12  Widow Mine  
  73  6:13  Widow Mine  
  73  6:14  Liberator  
  78  6:23  SCV x2  
  80  6:31  Marauder  
  85  6:33  Supply Depot  
  85  6:35  Supply Depot  
  85  6:41  Barracks Tech Lab  
  85  6:42  Barracks Reactor  
  85  6:43  Barracks Tech Lab  
  85  6:44  SCV x2  
  87  6:48  Marine x2  
  87  6:51  Marine  
  90  6:55  Barracks Reactor  
  90  6:56  Barracks Reactor  
  90  7:03  Command Center  
  90  7:05  Marine  
  90  7:06  Marine  
  92  7:09  Marine  
  92  7:16  Widow Mine x2  
  92  7:17  SCV x2  
  98  7:22  Armory  
  98  7:23  Marine x2, Liberator  
  98  7:29  Missile Turret  
  100  7:32  Marine x4  
  100  7:33  Marine x2  
  100  7:34  Marine  
  109  7:50  SCV  
  110  7:52  Supply Depot  
  110  7:53  Supply Depot  
  110  7:57  Liberator  
  110  8:04  SCV  
  108  8:13  Marine x2  
  108  8:14  Widow Mine x2, Marine x7  
  124  8:21  Liberator  
  123  8:31  Marine x2  
  114  8:36  Marine x7  
  114  8:39  Liberator  
  108  8:49  Marine x2  
  108  8:51  Terran Infantry Weapons Level 2  
  108  9:00  Terran Ship Weapons Level 1  
  108  9:01  Terran Infantry Armor Level 2  
  111  9:02  Marine x2  
  111  9:03  Marine x5  
  111  9:06  Marine  
  111  9:07  Marine  
  111  9:08  Orbital Command  
  120  9:15  Starport  
  120  9:20  Medivac, Marine  
  123  9:27  Marine x8  
  123  9:30  Widow Mine x2  
  135  9:34  Missile Turret  
  135  9:36  Supply Depot  
  135  9:37  Supply Depot  
  135  9:38  Marine  
  135  9:39  Medivac  
  137  9:46  Command Center  
  137  9:49  SCV x3  
  137  9:52  Starport Reactor, Supply Depot  
  140  10:01  SCV  
  140  10:04  Liberator  
  131  10:19  Missile Turret, Marine x2  
  131  10:20  Widow Mine x2, Marine x7  
  135  10:26  Liberator x2  
  135  10:28  Missile Turret  
  121  10:37  Marine x5  
  121  10:38  Marine x2  
  121  10:42  Marine x2  
  120  10:55  Marine x4  
  122  11:00  Marine x5  
  122  11:01  Widow Mine x2  
  127  11:09  Medivac  
  127  11:10  Medivac  
  131  11:12  Marine  
  131  11:13  Marine x2  
  120  11:20  Marine x4  
  120  11:21  Marine  
  116  11:37  Marine x4  
  116  11:38  Marine x3  
  87  11:50  Marine  
  87  11:51  Marine  
  80  11:55  Marine x4  
  80  11:56  Marine x3  
Show
View Real Time Build Order
Export as new Build Order

OuO Protoss - Winner!

Build Orders: 1 Gate Expand, Oracle Opening, Carrier Rush 

Get SALT Encoding   

  12  0:02  Probe (Chrono Boost)  
  13  0:12  Probe (Chrono Boost)  
  14  0:19  Pylon  
  14  0:23  Probe (Chrono Boost)  
  15  0:38  Probe (Chrono Boost), Gateway  
  16  0:43  Assimilator  
  16  0:48  Probe (Chrono Boost)  
  17  0:59  Probe (Chrono Boost)  
  18  1:09  Probe (Chrono Boost)  
  19  1:24  Nexus  
  19  1:35  Cybernetics Core  
  19  1:39  Probe (Chrono Boost)  
  20  1:44  Assimilator  
  20  1:52  Probe (Chrono Boost)  
  21  1:57  Pylon  
  21  2:02  Probe (Chrono Boost)  
  22  2:12  Adept  
  25  2:17  Probe (Chrono Boost), Warp Gate  
  25  2:25  Stargate  
  26  2:31  Probe (Chrono Boost)  
  26  2:36  Probe (Chrono Boost)  
  27  2:37  Adept  
  29  2:44  Probe (Chrono Boost)  
  29  2:48  Probe (Chrono Boost)  
  30  2:56  Probe (Chrono Boost)  
  32  2:58  Probe (Chrono Boost)  
  32  3:03  Adept  
  32  3:04  Oracle  
  34  3:12  Probe (Chrono Boost)  
  38  3:13  Probe (Chrono Boost)  
  39  3:20  Assimilator  
  39  3:22  Assimilator  
  39  3:24  Probe (Chrono Boost)  
  39  3:25  Probe (Chrono Boost)  
  41  3:36  Probe (Chrono Boost)  
  41  3:37  Probe (Chrono Boost)  
  43  3:41  Pylon  
  43  3:47  Probe (Chrono Boost)  
  44  3:52  Mothership Core (Chrono Boost)  
  46  3:57  Pylon  
  46  3:59  Probe (Chrono Boost)  
  47  4:11  Probe (Chrono Boost)  
  47  4:15  Probe (Chrono Boost)  
  49  4:19  Fleet Beacon  
  49  4:22  Stargate  
  49  4:24  Probe (Chrono Boost)  
  50  4:25  Pylon  
  50  4:27  Protoss Air Weapons Level 1  
  50  4:31  Probe (Chrono Boost)  
  51  4:36  Probe (Chrono Boost)  
  51  4:38  Adept  
  54  4:43  Probe (Chrono Boost)  
  55  4:50  Probe (Chrono Boost)  
  56  4:53  Probe (Chrono Boost)  
  56  4:54  Twilight Council  
  56  4:56  Carrier  
  57  5:02  Probe (Chrono Boost)  
  64  5:15  Carrier  
  64  5:19  Pylon  
  70  5:24  Pylon  
  70  5:30  Resonating Glaives  
  70  5:34  Graviton Catapult  
  70  5:37  Adept  
  72  5:46  Pylon  
  72  5:57  Gateway  
  72  5:58  Probe (Chrono Boost)  
  72  5:59  Probe (Chrono Boost)  
  72  6:00  Gateway  
  74  6:06  Adept  
  74  6:11  Carrier  
  79  6:34  Adept  
  81  6:41  Carrier  
  81  6:44  Probe (Chrono Boost)  
  88  7:01  Nexus  
  88  7:02  Probe (Chrono Boost)  
  88  7:03  Probe (Chrono Boost), Pylon  
  90  7:15  Probe (Chrono Boost)  
  91  7:16  Templar Archives  
  91  7:17  Probe (Chrono Boost)  
  91  7:19  Gateway  
  91  7:22  Gateway  
  92  7:25  Carrier  
  92  7:27  Pylon x2  
  92  7:28  Probe (Chrono Boost)  
  92  7:29  Probe (Chrono Boost)  
  94  7:33  Pylon  
  94  7:35  Protoss Air Weapons Level 2, Pylon  
  100  7:50  Gateway x2  
  100  7:55  Assimilator  
  98  7:59  Adept  
  98  8:01  Assimilator  
  99  8:11  Probe (Chrono Boost)  
  100  8:16  Probe x2 (Chrono Boost)  
  102  8:20  Adept x2  
  98  8:30  Probe x2 (Chrono Boost)  
  88  8:35  Probe (Chrono Boost)  
  88  8:40  Probe (Chrono Boost)  
  87  8:42  Probe (Chrono Boost)  
  87  8:45  Probe (Chrono Boost), Carrier  
  94  8:51  Probe (Chrono Boost)  
  94  8:54  Probe (Chrono Boost)  
  96  8:56  Probe (Chrono Boost)  
  96  9:00  Psionic Storm  
  96  9:01  Oracle, Probe (Chrono Boost)  
  101  9:06  Probe (Chrono Boost)  
  103  9:17  Probe x2 (Chrono Boost)  
  104  9:19  High Templar x2  
  104  9:24  Probe (Chrono Boost)  
  109  9:26  High Templar  
  109  9:28  Adept  
  113  9:36  Probe x2 (Chrono Boost)  
  113  9:37  High Templar, Probe (Chrono Boost), Adept  
  120  9:56  High Templar x2  
  124  10:29  Pylon  
  124  10:31  Pylon  
  124  10:32  Pylon x2  
  124  10:33  Pylon  
  122  10:47  Oracle  
  122  10:48  Carrier  
  131  10:55  Adept x6  
  131  10:56  High Templar  
  143  11:25  Probe (Chrono Boost)  
  142  11:33  Oracle  
  143  11:54  High Templar  
  143  11:55  High Templar, Adept x3  
  143  11:56  Adept x2  
Tags
 
Add a new tag
Caveats
  • Supply blocks, unpowered buildings, or Contaminate may cause inaccurate times.
  • Supply counts are checked every 10 seconds.